 Dungeon Crawl Stone Soup version 0.29.0-13-gc9e81de378 (webtiles) character file.

Game seed: 13425796734822059883

21 freelancePsychic the Grave Robber (level 3, -1/28 HPs)
             Began as a Meteoran Necromancer on Sept 11, 2022.
             Slain by a gnoll
             ... wielding a +0 flail
             ... led by a gnoll bouda
              (7 damage)
             ... on level 4 of the Dungeon.
             The game lasted 00:02:39 (236 turns).

freelancePsychic the Grave Robber (MeNe)             Turns: 236, Time: 00:02:39

Health: -1/28      AC:  2    Str:  9    XL:     3   Next: 17%
Magic:  4/8        EV: 12    Int: 19    God:
Gold:   54         SH:  0    Dex: 14    Spells: 7/8 levels left

rFire   . . .      SeeInvis .   d - +0 dagger
rCold   . . .      Faith    .   (no shield)
rNeg    . . .      Spirit   .   a - +0 robe
rPois   .          Reflect  .   (no helmet)
rElec   .          Harm     .   (no cloak)
rCorr   .          Rampage  .   (no gloves)
Will    .....                   (no boots)
Stlth   +.........              (no amulet)
HPRegen 0.09/turn               (no ring)
MPRegen 0.11/turn               (no ring)

@: weakened, glowing
A: sense surroundings 1, otherworldly, glowing, explore regen
a: no special abilities


You were on level 4 of the Dungeon.
You visited 1 branch of the dungeon, and saw 4 of its levels.

You collected 54 gold pieces.

Inventory:

Hand Weapons
 d - a +0 dagger (weapon)
Armour
 a - a +0 robe (worn)
Jewellery
 c - a ring of ice
Scrolls
 e - 3 scrolls of acquirement {unknown}
 f - a scroll of enchant weapon {unknown}
Potions
 b - a potion of magic
 g - 2 potions of curing {unknown}


   Skills:
 + Level 1.1 Fighting
 - Level 2.4 Dodging
 - Level 1.4 Stealth
 + Level 3.1 Spellcasting
 * Level 4.8 Necromancy


You had 7 spell levels left.
You knew the following spells:

 Your Spells              Type           Power      Damage    Failure   Level
a - Necrotise             Necr           84%        1d8       1%          1

Your spell library contained the following spells:

 Spells                   Type           Power      Damage    Failure   Level
 Vampiric Draining        Necr           21%        2d7       6%          3
 Animate Dead             Necr           21%        N/A       21%         4
 Scorch                   Fire           4%         2d5       22%         2
 Agony                    Necr           21%        N/A       50%         5
 Flame Wave               Conj/Fire      2%         2d4       83%         4
 Summon Cactus Giant      Summ           1%         N/A       100%        6


Dungeon Overview and Level Annotations

Branches:
Dungeon (4/15) Zot: 2163
 Temple: D:4-7

Altars:


Innate Abilities, Weirdness & Mutations

You passively map a small area around you.
You are easily found by Zot.
You glow in the dark.
You regain HP and MP as you explore.


Message History

A gnoll comes into view. It is wielding a +0 club.
The gnoll attacks as you move away! The gnoll hits you with a +0 flail.
Casting: Necrotise (safe; 2% risk of failure)
Confirm with . or Enter, or press ? or * to list all spells.
Aiming: Necrotise (safe; 2% risk of failure)
Press: ? - help, Shift-Dir - straight line, f/p - gnoll
Aim: a gnoll, wielding a +0 flail (lightly wounded, chance to affect: 81%)
The gnoll writhes in agony.
The gnoll hits you with a +0 flail!
Casting: Necrotise (safe; 2% risk of failure)
Confirm with . or Enter, or press ? or * to list all spells.
Aiming: Necrotise (safe; 2% risk of failure)
Press: ? - help, Shift-Dir - straight line, f/p - gnoll
Aim: a gnoll, wielding a +0 flail (lightly wounded, chance to affect: 81%)
The gnoll writhes in agony.
The gnoll hits you but does no damage.
Casting: Necrotise (safe; 2% risk of failure)
Confirm with . or Enter, or press ? or * to list all spells.
Aiming: Necrotise (safe; 2% risk of failure)
Press: ? - help, Shift-Dir - straight line, f/p - gnoll
Aim: a gnoll, wielding a +0 flail (lightly wounded, chance to affect: 81%)
The gnoll writhes in agony.
You kill the gnoll!
Your Fighting skill increases to level 1!
You have reached level 3!
Your experience leads to an increase in your attributes!
Increase (S)trength, (I)ntelligence, or (D)exterity?
You feel clever. x3
Your attacks no longer feel as feeble.
The gnoll bouda gazes fiercely through you!
You feel your attacks grow feeble. The gnoll attacks as you move away!
The gnoll closely misses you.
Your attacks no longer feel as feeble.
The gnoll bouda barks out a call to the hunt!
The gnoll picks up the pace!
The gnoll hits you with a +0 flail!
* * * LOW HITPOINT WARNING * * *
There is a stone staircase leading down here.
The gnoll bouda gazes fiercely through you!
You feel your attacks grow feeble. The gnoll hits you with a +0 flail!
You die...

..gg...g....................
########g###.###............
#.###. #......###### #.g.#,*
#..##### ###.# * #..# *####
####g#.###..# * ....
#....#......# ,....
#...g####.######* ....
#....@........... ...#
#....###....##### #.#.
#....# #....# #,#. #....#
###### #. #....# * #....#
###### ,


You could see a gnoll bouda and 2 gnolls.

Vanquished Creatures
  A gnoll (D:4)
  2 endoplasms
  3 hobgoblins
  A frilled lizard (D:3)
  3 goblins
10 creatures vanquished.

Notes
Turn   | Place    | Note
-------+----------+-------------------------------------------
     0 | D:1      | freelancePsychic the Meteoran Necromancer began the quest
                  | for the Orb.
     0 | D:1      | Reached XP level 1. HP: 14/14 MP: 5/5
    54 | D:1      | Reached XP level 2. HP: 22/22 MP: 1/6
   230 | D:4      | Reached skill level 1 in Fighting
   230 | D:4      | Reached XP level 3. HP: 13/28 MP: 3/8
   236 | D:4      | Slain by a gnoll

Illustrated notes

Levels and vault maps discovered:
D:1:      shiori_shiawase, layout_basic, shapermc_ecumenical_altar_gd
D:2:      layout_basic
D:3:      layout_basic, serial_forest, infiniplex_forest_clump_small,
          infiniplex_forest_straight_2, infiniplex_forest_lined_2,
          infiniplex_forest_lined_room_2, infiniplex_forest_corner_2,
          infiniplex_forest_straight_4
D:4:      layout_basic, kennysheep_small_square

Skill      XL: |  1  2 |
---------------+-------+-----
Spellcasting   | 3 |  3.1
Fighting       | 1 |  1.1
Dodging        | |  2.4
Stealth        | |  1.4
Necromancy     | |  4.8

Action                   || total
-------------------------++-------
Melee: Dagger            ||     2
 Cast: Necrotise         ||    19
 Stab: Sleeping          ||     1
Armor: Robe              ||     2
Dodge: Dodged            ||     2
